AoeStats
← [KMNB] Bandeira

African Clearing

506395052Analyzed
2v2 RM · 20d ago on Sep 13, 2026· 28m 47s· 4 players
Game mode
Random Map
Map size
Medium (4 player)
Population
200
Speed
Normal
Resources
Standard
Victory
Conquest
Starting age
Dark Age
Ending age
Imperial Age
RankedLock teamsTeams togetherTeam positionsShared explorationLock speedFull tech treeHidden civsTurbo modeCheats
Victory
Defeat
🇧🇷 Magyars · Brazil
1568
+11
🇧🇷 Italians · Brazil
1560
+12
🇹🇷 Mongols · Türkiye
1525
-13
🇧🇪 Japanese · Belgium
1409
-10
ayz1912
4:22 Loom
13:28 Feudal Age
14:24 Double-Bit Axe
17:56 Castle Age
17:14 Fletching
21:40 Ballistics
22:36 Wheelbarrow
23:38 Bow Saw
23:33 Horse Collar
25:08 Bodkin Arrow
27:11 Heavy Plow
Filip
10:04 Loom
12:57 Feudal Age
14:15 Double-Bit Axe
17:31 Fletching
21:35 Castle Age
20:35 Stone Mining
27:08 Horse Collar
[KMNB] Bandeira
5:15 Loom
12:22 Feudal Age
13:01 Double-Bit Axe
17:13 Scale Barding Armor
20:56 Fletching
21:07 Padded Archer Armor
26:49 Castle Age
27:39 Bloodlines
27:19 Elite Skirmisher
28:13 Horse Collar
28:55 Bodkin Arrow
[KMNB] Dedão
12:38 Feudal Age
12:41 Loom
17:25 Castle Age
16:33 Double-Bit Axe
21:17 Fletching
23:55 Bodkin Arrow
26:22 Ballistics
27:14 Wheelbarrow
28:08 Padded Archer Armor
29:04 Town Watch
Connection lost

Rejoining the realm…

Still unreachable

The connection could not be restored.

Session expired

The server has moved on; the page needs a fresh start.